 Dungeon Crawl Stone Soup version 0.20-a0-910-gb611367 (webtiles) character file.

32 Rrauwl the Skirmisher (level 3, -24/30 HPs)
             Began as a Formicid Abyssal Knight on Mar 24, 2017.
             Was a Follower of Lugonu.
             Annihilated by a large abomination (36 damage)
             ... on level 1 of the Abyss.
             The game lasted 00:01:17 (138 turns).

Rrauwl the Skirmisher (Formicid Abyssal Knight)      Turns: 138, Time: 00:01:17

Health: -24/30     AC:  3    Str: 17      XL:     3   Next: 42%
Magic:  4/4        EV: 11    Int: 11      God:    Lugonu [*.....]
Gold:   0          SH:  0    Dex:  7 (10) Spells: 2/2 levels left

rFire    . . .     SeeInvis +   a - +1 spear
rCold    . . .     Gourm    .   b - +0 leather armour
rNeg     . . .     Faith    .   (no shield)
rPois    .         Spirit   .   (helmet unavailable)
rElec    .         Reflect  .   (no cloak)
rCorr    .         Harm     .   (no gloves)
MR       .....                  (no boots)
Stlth    +.........             (no amulet)
Regen    0.1/turn               (no ring)
MPRegen  0.1/turn               (no ring)

@: no status effects
A: permanent stasis, dig shafts and tunnels, four strong arms, antennae 3,
deterioration 1
a: Dig, Shaft Self, Depart the Abyss, Renounce Religion


You were on level 1 of the Abyss.
You worshipped Lugonu.
Lugonu was aware of your devotion.
You were not hungry.

You visited 0 branches of the dungeon, and saw 0 of its levels.
You visited the Abyss 1 time.

Inventory:

Hand Weapons
 a - a +1 spear (weapon)
Armour
 b - a +0 leather armour (worn)
Comestibles
 c - a bread ration


   Skills:
 + Level 4.1 Fighting
 + Level 2.4 Polearms
 + Level 2.5 Armour
 + Level 1.0 Dodging
 + Level 2.3 Invocations


You had 2 spell levels left.
You didn't know any spells.

Dungeon Overview and Level Annotations

Branches:
Dungeon (0/15)

Altars:


Innate Abilities, Weirdness & Mutations

You cannot be hasted, slowed, berserked, paralysed or teleported.
You can dig through walls and to a lower floor.
Your four strong arms can wield two-handed weapons with a shield.
You have a pair of large antennae on your head. (SInv)
Your body sometimes deteriorates upon taking damage.


Message History

Your experience leads to an increase in your attributes!
Your base attributes are Str 16, Int 11, Dex 10.
Increase (S)trength, (I)ntelligence, or (D)exterity?
You feel stronger.
The substance of the Abyss twists violently, and a gateway leading out appears!
You enter the shallow water.
Moving in this stuff is going to be slow.
A neqoxec comes into view.
The neqoxec shouts!
The neqoxec gestures at you.
Strange energies course through your body.
You feel yourself wasting away.
Found a roughly hewn altar of Beogh.
A large abomination comes into view.
The neqoxec gestures.
The large abomination closely misses you.
The shadow imp shouts, "Take thy face hence, thou venomed tickle-brained boar-pig!"
The large abomination hits you!!!
Ouch! That really hurt!
You die...

# .. ##. ######..
#.#.._# ####....#
# #######.##X@.#
#####
##..##.2.###
≈≈≈≈..#.###.5####
.#≈≈≈≈≈.#..5{#
.#..≈≈≈≈≈.#5..#
#.#...≈≈≈≈#3###
.....##≈≈≈≈§#
.#.#.##.♣≈≈♣♣
#..# ##.##≈≈≈


You could see a lorocyproca (invisible), a large abomination, a quasit and an
ufetubus.

Vanquished Creatures
  A quasit (Abyss:1)
1 creature vanquished.

Notes
Turn   | Place    | Note
-------+----------+-------------------------------------------
     0 | Abyss:1  | Rrauwl the Formicid Abyssal Knight began the quest for the Orb.
     0 | Abyss:1  | Reached XP level 1. HP: 18/18 MP: 2/2
   104 | Abyss:1  | Noticed a quasit
   122 | Abyss:1  | Noticed a lorocyproca
   125 | Abyss:1  | Killed a quasit
   125 | Abyss:1  | Reached skill level 4 in Fighting
   125 | Abyss:1  | Reached skill level 1 in Dodging
   125 | Abyss:1  | Reached XP level 2. HP: 9/25 MP: 3/3
   125 | Abyss:1  | Reached XP level 3. HP: 10/30 MP: 4/4
   128 | Abyss:1  | Noticed a neqoxec
   128 | Abyss:1  | Gained mutation: Your body sometimes deteriorates upon taking damage. [a neqoxec]
   131 | Abyss:1  | Found a roughly hewn altar of Beogh.
   132 | Abyss:1  | Noticed a large abomination
   138 | Abyss:1  | Annihilated by a large abomination

Vault maps used:

Skill      XL: |  1 |
---------------+----+-----
Fighting       | 4 |  4.1
Dodging        | 1 |  1.0
Polearms       | |  2.4
Armour         | |  2.5
Invocations    | |  2.3

Action                   || total
-------------------------++-------
Melee: Spear             ||    13
Armor: Leather armour    ||    16
Dodge: Dodged            ||    20
